 Dungeon Crawl Stone Soup version 0.32-a0-886-g41c5271027 (webtiles) character file.

Game seed: 9455108700893973452

24275 TacoSundae the Frost Mage (level 12, -23/74 HPs)
             Began as a Demonspawn Ice Elementalist on Apr 2, 2024.
             Was an Elder of Vehumet.
             Killed from afar by a hell hog (33 damage)
             ... with a fireball
             ... in a volcano.
             The game lasted 01:14:15 (13237 turns).

TacoSundae the Frost Mage (DsIE)                   Turns: 13237, Time: 01:14:15

Health: -23/74     AC: 10    Str:  9    XL:     12   Next: 79%
Magic:  19/26      EV: 18    Int: 19    God:    Vehumet [****..]
Gold:   324        SH:  0    Dex: 15    Spells: 4/31 levels left

rFire   . . .        a - +1 spear (venom)
rCold   . . .        (no shield)
rNeg    + . .        y - +0 troll leather armour
rPois   .            I - +2 hat {Stlth+}
rElec   .            q - +0 cloak
rCorr   .            J - +2 pair of gloves
SInv    .            L - +0 pair of boots
Will    .....        v - amulet of magic regeneration
Stlth   +++          t - +5 ring of evasion
HPRegen 1.12/turn    r - ring of positive energy
MPRegen 0.60/turn

%: no passive effects
@: studying Air Magic, inugami summoned
A: antennae 2, repulsion field 2, demonic guardian 1, ignite blood 2
a: Renounce Religion


You were in a volcano.
You worshipped Vehumet.
Vehumet was greatly pleased with you.
You visited 3 branches of the dungeon, and saw 15 of its levels.
You also visited: Volcano.

You collected 764 gold pieces.
You spent 440 gold pieces at shops.

Inventory:

Hand Weapons
 a - a +1 spear of venom (weapon)
 b - a +1 demon blade of electrocution
Missiles
 h - a throwing net
Armour
 q - a +0 cloak (worn)
 y - a +0 troll leather armour (worn)
 I - a +2 hat of stealth (worn)
 J - a +2 pair of gloves (worn)
 L - a +0 pair of boots (worn)
Jewellery
 e - an amulet of the acrobat
 g - a ring of resist corrosion
 k - the ring "Zupteeda" {rElec MP+9 Str+7 Int-4}
   (You took it off an orc on level 4 of the Dungeon)

   [ring of magical power]

   Str+7:     It affects your strength (+7).
   Int-4:     It affects your intelligence (-4).
   rElec:     It insulates you from electricity.
   MP+9:      It affects your magic capacity (+9).
 o - an amulet of guardian spirit
 r - a ring of positive energy (right hand)
 t - a +5 ring of evasion (left hand)
 v - an amulet of magic regeneration (around neck)
 B - a ring of wizardry
 C - an amulet of reflection
Wands
 c - a wand of polymorph (8)
 f - a wand of charming (23)
 n - a wand of digging (6)
 A - a wand of flame (34)
 K - a wand of light (4)
Scrolls
 d - a scroll of enchant weapon
 l - a scroll of amnesia
 m - 3 scrolls of blinking
 p - a scroll of enchant armour
 D - 3 scrolls of vulnerability
 E - 3 scrolls of butterflies
 H - a scroll of teleportation {unknown}
 M - a scroll of identify
 N - a scroll of silence
Potions
 i - 7 potions of curing
 j - a potion of ambrosia
 s - 2 potions of lignification
 u - 2 potions of invisibility
 w - a potion of magic
 x - a potion of might
 z - a potion of attraction
 F - a potion of resistance
 O - 2 potions of cancellation
Miscellaneous
 G - a phantom mirror


   Skills:
 - Level 2.0 Dodging
 - Level 2.0 Stealth
 + Level 10.1 Spellcasting
 + Level 7.1 Conjurations
 + Level 9.8 Summonings
 + Level 12.2 Ice Magic
 + Level 9.8 Air Magic


You had 4 spell levels left.
You knew the following spells:

 Your Spells              Type           Power      Damage    Failure   Level
a - Freeze                Ice            100%       1d10      1%          1
b - Frozen Ramparts       Ice            100%       1d16      1%          3
c - Summon Ice Beast      Ice/Summ       51%        N/A       1%          3
d - Call Canine Familiar  Summ           46%        N/A       1%          3
e - Ozocubu's Refrigerat  Ice            27%        4d13      16%         7
f - Freezing Cloud        Conj/Ice/Air   23%        6-21      1%          5
g - Arcjolt               Conj/Air       20%        1d30      2%          5

Your spell library contained the following spells:

 Spells                   Type           Power      Damage    Failure   Level
 Shock                    Conj/Air       100%       1d9       1%          1
 Ozocubu's Armour         Ice            54%        N/A       1%          3
 Stone Arrow              Conj/Erth      46%        3d9       1%          3
 Flame Wave               Conj/Fire      23%        2d8       7%          4
 Iskenderun's Mystic Bla Conj/Tloc 23%            2d6        (+2d3     7%          4
 Inner Flame              Hex/Fire       9%         N/A       9%          3
 Volatile Blastmotes      Fire/Tloc      18%        2d11      9%          3
 Animate Armour           Summ/Erth      56%        N/A       14%         4
 Sublimation of Blood     Necr           9%         N/A       16%         2
 Sticky Flame             Fire/Alch      9%         2d5       26%         4
 Fugue of the Fallen      Necr           9%         N/A       30%         3
 Sigil of Binding         Hex            9%         N/A       30%         3
 Tukima's Dance           Hex            9%         N/A       30%         3
 Dimensional Bullseye     Hex/Tloc       4%         N/A       71%         4
 Passage of Golubria      Tloc           9%         N/A       71%         4
 Petrify                  Alch/Erth      9%         N/A       71%         4
 Irradiate                Conj/Alch      11%        3d15      17%         5
 Yara's Violent Unravell  Hex/Alch       4%         3d4       54%         5
 Starburst                Conj/Fire      11%        6d5       63%         6
 Manifold Assault         Tloc           4%         N/A       100%        7
 Lehudib's Crystal Spear  Conj/Erth      11%        10d4      100%        8


Dungeon Overview and Level Annotations

Branches:
Dungeon (10/15)            Temple (1/1) D:4            Lair (4/5) D:8
  Swamp (0/4) Lair:2       Spider (0/4) Lair:3      Volcano (1/1)
  Slime: Lair:4-5       Orc: D:9-12

Altars:
Ashenzari
Cheibriados
Dithmenos
Fedhas
Gozag
Hepliaklqana
Kikubaaqudgha
Nemelex Xobeh
Okawaru
Qazlal
Ru
Sif Muna
Trog
Uskayaw
Vehumet
Wu Jian
Xom
Yredelemnul

Shops:
D:7 *   D:8 :


Innate Abilities, Weirdness & Mutations

You have a pair of antennae on your head.
You are surrounded by a moderate repulsion field. (EV +3)
A weak demonic guardian rushes to your aid.
Your demonic aura often causes spilled blood to erupt in flames.


Message History

Confirm with . or Enter, or press ? or * to list all spells.
A chill wind blows around you. The hell hog bites you! x2
A demonic guardian appears!
Unknown command.
You swap places.
The hell hog bites your ice beast. The hell hog breathes fire at you.
The fireball explodes!
The fireball engulfs your ice beast!!!
Your ice beast melts!
Your ice beast dies!
Your ice beast disappears in a puff of smoke!
The fireball engulfs the hell hog.
The hell hog completely resists.
The fireball engulfs you!!
* * * LOW HITPOINT WARNING * * *
You hear a bark! x2; You hear a roar!
Casting: Summon Ice Beast (safe; 1% risk of failure)
Confirm with . or Enter, or press ? or * to list all spells.
You don't know that spell.
Unknown command.
Unknown command.
Unknown command.
Okay, then.
Your iron imp hits the hell hog!
Casting: Summon Ice Beast (safe; 1% risk of failure)
Confirm with . or Enter, or press ? or * to list all spells.
You can't see any susceptible monsters within range! (Use Z to cast anyway.)
Okay, then.
Blink to where?
Press: ? - help, Dir - move target
As you read the scroll of blinking, it crumbles to dust.
A hell hound comes into view.
The hell hound moves out of view.
Casting: Summon Ice Beast (safe; 1% risk of failure)
Confirm with . or Enter, or press ? or * to list all spells.
A chill wind blows around you.
Casting: Summon Ice Beast (safe; 1% risk of failure)
Confirm with . or Enter, or press ? or * to list all spells.
You call for your canine familiar and it appears with a howl!
The hell hog breathes fire at you.
The fireball explodes!
The fireball engulfs you!!
You die...

#...... ..§...#
###.....§.§§≈§...###
##.....§≈≈≈§§≈≈.....##
#.....≈§≈≈≈§≈§§§.....#
##.....≈≈≈≈≈≈§§≈≈....#
#.....≈§≈≈≈§≈≈§§§....##
#####.....≈≈≈≈≈≈§§≈.....#### ∩
#.#........≈.≈.≈§§§........##
..##5{###.h.....@hY....###.##..##
#..### #####.##.####..#######..#
#### #####.##### #####○≈≈≈≈..#
#.#∩.†## ##≈≈≈≈§§. ##...#.#
#≈≈≈≈§§. ##......## ##≈≈≈≈..
#..≈...≈≈# ###≈≈§. ##≈≈≈.≈≈##
##≈≈≈ ##≈≈≈§## ###≈


You could see a hell hog (catching breath, ally target), a friendly ice beast
(summoned) and a friendly inugami (summoned).

Vanquished Creatures
  Gastronok (Lair:1)
  2 hydras (Lair:2)
  A skyshark (Lair:3)
  A deep troll (Lair:2)
  7 elephants (Lair:3)
  Maurice (D:8)
  2 black mambas
  A cane toad (Lair:2)
  A rime drake (Lair:2)
  3 komodo dragons
  A kobold demonologist (D:9)
  A polar bear (Lair:1)
  3 blink frogs (Lair:1)
  2 slime creatures
  15 yaks
  2 wyverns (Lair:3)
  Eustachio (D:6)
  3 swamp worms (Lair:2)
  A water moccasin (D:6)
  3 hell hounds
  An ice beast (D:6)
  3 orc warriors
  A black bear (D:6)
  14 wolves
  5 kobold brigands (D:9)
  6 bullfrogs
  3 scorpions
  6 killer bees
  A howler monkey (D:8)
  A bombardier beetle (D:4)
  2 hounds (D:8)
  2 jellies (D:5)
  4 orc priests
  A sleepcap (D:7)
  Ijyb (D:3)
  3 iguanas
  8 orc wizards
  7 gnolls (D:6)
  7 adders
  A white imp (D:6)
  2 ufetubi
  A dart slug (D:2)
  28 orcs
  11 ball pythons
  8 endoplasms
  4 giant cockroaches
  9 goblins
  8 hobgoblins
  20 kobolds
  A quokka (D:1)
  6 bats
  5 frilled lizards
  A kobold skeleton (D:9)
  9 rats
  2 butterflies (D:4)
244 creatures vanquished.

Vanquished Creatures (collateral kills)
  A hydra (Lair:3)
  Erica (Lair:1)
  2 elephants (Lair:3)
  A black mamba (Lair:3)
  2 cane toads
  A komodo dragon (Lair:4)
  A rime drake (Lair:4)
  A troll (D:8)
  A slime creature (D:9)
  2 wyverns
  3 culicivoras (Lair:3)
  A vampire (D:10)
  5 yaks
  8 water moccasins
  A black bear (Lair:1)
  4 wolves
  2 centaurs
  5 kobold brigands (D:9)
  4 bullfrogs
  A scorpion (D:6)
  A killer bee (D:7)
  3 electric eels (D:8)
  2 howler monkeys
  A jelly (D:5)
  A hound (D:7)
  3 sleepcaps
  A gnoll bouda (D:6)
  2 orc priests
  3 iguanas
  A gnoll (D:6)
  An adder (D:5)
  2 shadow imps (D:9)
  8 orcs
  9 kobolds (D:9)
  6 kobold skeletons (D:9)
  11 kobold zombies (D:9)
102 creatures vanquished.

Vanquished Creatures (others)
  A hound (D:8)
  An orc wizard (D:8)
  An orc (D:8)
3 creatures vanquished.

Grand Total: 349 creatures vanquished

Notes
Turn   | Place    | Note
-------+----------+-------------------------------------------
     0 | D:1      | TacoSundae the Demonspawn Ice Elementalist began the quest
                  | for the Orb.
     0 | D:1      | Reached XP level 1. HP: 13/13 MP: 3/3
   216 | D:1      | Gained mutation: You have a pair of small antennae on your
                  | head. [demonic ancestry]
   216 | D:1      | Reached XP level 2. HP: 18/19 MP: 0/5
   398 | D:1      | Found a faded altar of an unknown god.
   665 | D:1      | Reached skill level 4 in Ice Magic
   858 | D:2      | Reached XP level 3. HP: 19/24 MP: 2/6
  1649 | D:2      | Reached XP level 4. HP: 30/30 MP: 5/8
  1760 | D:3      | Noticed Ijyb
  1788 | D:3      | Killed Ijyb
  1992 | D:3      | Reached skill level 5 in Ice Magic
  1992 | D:3      | Gained mutation: Your demonic aura sometimes causes spilled
                  | blood to erupt in flames. [demonic ancestry]
  1992 | D:3      | Reached XP level 5. HP: 10/35 MP: 0/9
  2360 | D:2      | Learned a level 3 spell: Frozen Ramparts
  2853 | D:4      | Found a staircase to the Ecumenical Temple.
  2862 | Temple   | Entered the Ecumenical Temple
  2957 | Temple   | Became a worshipper of Vehumet
  3015 | D:4      | Identified the ring "Zupteeda" {rElec MP+9 Str+7 Int-4}
  3075 | D:4      | Reached XP level 6. HP: 39/41 MP: 5/11
  3135 | D:4      | Noticed an orc warrior
  3276 | D:4      | Killed an orc warrior
  3277 | D:4      | Reached skill level 6 in Ice Magic
  3627 | D:4      | Learned a level 3 spell: Summon Ice Beast
  3685 | D:4      | Reached * piety under Vehumet
  3685 | D:4      | Offered knowledge of Foxfire by Vehumet.
  3691 | D:4      | Gained mutation: You are surrounded by a mild repulsion
                  | field. (EV +2) [demonic ancestry]
  3691 | D:4      | Reached XP level 7. HP: 46/46 MP: 6/13
  3936 | D:4      | Reached skill level 1 in Summonings
  4130 | D:4      | Found a broken altar of Ashenzari.
  4222 | D:4      | Reached skill level 7 in Ice Magic
  4316 | D:5      | Entered Level 5 of the Dungeon
  4730 | D:5      | Offered knowledge of Mercury Vapours by Vehumet.
  4731 | D:5      | Reached skill level 5 in Spellcasting
  4731 | D:5      | Gained mutation: Your demonic aura often causes spilled
                  | blood to erupt in flames. [demonic ancestry]
  4731 | D:5      | Reached XP level 8. HP: 52/52 MP: 10/15
  4731 | D:5      | Reached ** piety under Vehumet
  5238 | D:6      | Found a bloodstained altar of Trog.
  5378 | D:6      | Noticed Eustachio
  5386 | D:6      | Killed Eustachio
  5387 | D:6      | Reached skill level 8 in Ice Magic
  5674 | D:6      | Found a sparkling altar of Nemelex Xobeh.
  6605 | D:7      | Found a blossoming altar of Fedhas.
  6638 | D:7      | Found Uthoid's Blasphemy Boutique.
  6688 | D:7      | Gained mutation: You are surrounded by a moderate repulsion
                  | field. (EV +3) [demonic ancestry]
  6688 | D:7      | Reached XP level 9. HP: 56/57 MP: 16/18
  6725 | D:7      | Reached skill level 9 in Ice Magic
  6726 | D:7      | Offered knowledge of Volatile Blastmotes by Vehumet.
  7115 | D:7      | Found a shadowy altar of Dithmenos.
  7805 | D:8      | Noticed a troll
  7813 | D:8      | Killed a troll
  7818 | D:8      | Reached skill level 5 in Summonings
  7832 | D:8      | Learned a level 3 spell: Call Canine Familiar
  8028 | D:8      | Found a staircase to the Lair.
  8046 | D:8      | Reached *** piety under Vehumet
  8128 | D:8      | Noticed Maurice
  8156 | D:8      | Reached skill level 10 in Ice Magic
  8208 | D:8      | Killed Maurice
  8274 | D:8      | Learned a level 3 spell: Volatile Blastmotes
  8422 | D:8      | Found Qabb's Book Boutique.
  8740 | D:9      | Gained mutation: You have a pair of antennae on your head.
                  | [demonic ancestry]
  8740 | D:9      | Reached XP level 10. HP: 63/63 MP: 14/20
  8879 | D:8      | Bought the Annotations on the Missiles for 440 gold pieces
  8885 | D:8      | Learned a level 5 spell: Freezing Cloud
  8920 | D:8      | Reached skill level 1 in Air Magic
  9046 | D:9      | Offered knowledge of Ignite Poison by Vehumet.
  9274 | D:9      | Reached **** piety under Vehumet
  9288 | D:9      | Offered knowledge of Arcjolt by Vehumet.
  9294 | D:9      | Found an ancient bone altar of Kikubaaqudgha.
  9300 | D:9      | Reached skill level 1 in Conjurations
  9418 | D:9      | Learned a level 5 spell: Arcjolt
  9934 | D:10     | Entered Level 10 of the Dungeon
 10086 | Lair:1   | Entered Level 1 of the Lair of Beasts
 10123 | Lair:1   | Reached skill level 5 in Air Magic
 10138 | Lair:1   | Gained mutation: A weak demonic guardian rushes to your
                  | aid. [demonic ancestry]
 10138 | Lair:1   | Reached XP level 11. HP: 32/68 MP: 13/23
 10145 | Lair:1   | Reached skill level 11 in Ice Magic
 10154 | Lair:1   | Noticed Gastronok
 10162 | Lair:1   | Killed Gastronok
 10289 | Lair:1   | Noticed Erica
 10319 | Lair:1   | Killed Erica
 11000 | Lair:2   | Noticed a deep troll
 11016 | Lair:2   | Killed a deep troll
 11017 | Lair:2   | Reached skill level 5 in Conjurations
 11126 | Lair:2   | Reached ***** piety under Vehumet
 11252 | Lair:2   | Offered knowledge of Ozocubu's Refrigeration by Vehumet.
 11695 | Lair:2   | Noticed a four-headed hydra
 11695 | Lair:2   | Noticed a five-headed hydra
 11697 | Lair:2   | Found a staircase to the Swamp.
 11699 | Lair:2   | Killed a four-headed hydra
 11700 | Lair:2   | Reached XP level 12. HP: 41/74 MP: 23/25
 11701 | Lair:2   | Killed a five-headed hydra
 12087 | Lair:3   | Found a hole to the Spider Nest.
 12112 | Lair:3   | HP: 1/74 [culicivora (20)]
 12368 | Lair:3   | Reached skill level 12 in Ice Magic
 12407 | Lair:3   | Learned a level 7 spell: Ozocubu's Refrigeration
 12661 | Lair:3   | Noticed a five-headed hydra
 12665 | Lair:3   | Killed a five-headed hydra
 12701 | Lair:3   | Reached skill level 10 in Spellcasting
 13132 | Lair:4   | Found a dark tunnel.
 13161 | Volcano  | Entered a volcano
 13226 | Volcano  | Noticed a hell hog
 13231 | Volcano  | HP: 3/74 [hell hog/fireball (30)]
 13237 | Volcano  | Killed from afar by a hell hog

Illustrated notes

Levels and vault maps discovered:
D:1:      lemuel_arrival_broad_hall, layout_rooms,
          chequers_ecumenical_altar_island, chequers_serial_rivers_micro_d
D:2:      layout_basic, basic_altar
D:3:      layout_rooms, uniq_ijyb
D:4:      kennysheep_big_flooded_room, layout_loops_ring, lemuel_doored_altar,
          minmay_temple_entry_butterflies, minmay_manual_monstrance
D:5:      layout_cave_pools
D:6:      layout_loops_ring, mainiacjoe_overflow_surrounded_room,
          mainiacjoe_overflow_boulevard, uniq_eustachio
D:7:      layout_layer_cave, fedhas_altar_1, zin_academy,
          overflow_temple_1_default, nicolae_evil_shop
D:8:      layout_basic, erik_lair_island, serial_shops, shop,
          nicolae_underground_beach, uniq_maurice
D:9:      wander_kiku_kobolds, layout_basic
D:10:     layout_basic, demons_altar, zombieorc2_lemuel, serial_bayou_pond_d,
          nicolae_wwwww
Temple:   bh_familiar_temple
Lair:1:   layout_misc_corridors, uniq_gastronok, uniq_erica
Lair:2:   dreamdust_cave_troll, layout_gridlike, palyth_hydra_swamp_entry,
          grunt_megastairs_1
Lair:3:   layout_concentric_octagons, hellmonk_spider_entry_life_and_decay,
          grunt_megastairs_2, infiniplex_staircase_pool
Lair:4:   layout_layer_cave, gammafunk_ghost_grave, enter_volcano_3
Volcano:  volcano_pools

Skill      XL: |  1  2  3  4  5  6  7  8  9 10 11 12 |
---------------+-------------------------------------+-----
Stealth        | 2 |  2.0
Dodging        | 2 |  2.0
Ice Magic      | 4 5 6 7 8 10 11 12 | 12.2
Spellcasting   | 3 4 5 6 7 8 9 10 | 10.1
Summonings     | 2 4 6 7 8 9 |  9.8
Air Magic      | 5 8 9 |  9.8
Conjurations   | 3 5 7 |  7.1

Action                     |  1- 3 |  4- 6 |  7- 9 | 10-12 || total
---------------------------+-------+-------+-------+-------++-------
  Melee: Unarmed           |    18 |       |       |       ||    18
         Whip              |    25 |    57 |    20 |       ||   102
         Spear             |       |       |    28 |   154 ||   182
   Cast: Freeze            |    60 |    57 |    78 |    41 ||   236
         Frozen Ramparts   |       |     7 |    21 |    14 ||    42
         Summon Ice Beast  |       |       |    31 |    53 ||    84
         Call Canine Famil |       |       |     3 |    37 ||    40
         Volatile Blastmot |       |       |     1 |       ||     1
         Freezing Cloud    |       |       |       |    20 ||    20
         Arcjolt           |       |       |       |     5 ||     5
    Use: Scroll            |       |     4 |    10 |     6 ||    20
         Potion            |       |     1 |     2 |     2 ||     5
   Stab: Sleeping          |       |     1 |       |     2 ||     3
         Distracted        |       |       |       |     2 ||     2
 Armour: Robe              |    49 |    57 |    62 |       ||   168
         Skin              |       |     3 |     3 |       ||     6
         Troll leather arm |       |       |    22 |   121 ||   143
  Dodge: Dodged            |    51 |    59 |   100 |   100 ||   310
  Block: Other             |       |       |       |    18 ||    18
         Reflection        |       |       |       |    10 ||    10

Table legend: (Time is in decaauts)
 A = Elapsed time spent in this place.
 B = Non-inter-level travel time spent in this place.
 C = Inter-level travel time spent in this place.
 D = Time resting spent in this place.
 E = Time spent auto-exploring this place.
 F = Levels seen in this place.
 G = Mean time per level.
                   A        B        C        D        E       F      G
               +--------+--------+--------+--------+--------+-----+--------+
         Total |  13274 |  12551 |    723 |   1221 |   6977 |  16 |  829.6 |
       Dungeon |   9988 |   9379 |    609 |   1074 |   5416 |  10 |  998.8 |
        Temple |    119 |     95 |     24 |      0 |      0 |   1 |  119.0 |
          Lair |   3090 |   3001 |     89 |    147 |   1560 |   4 |  772.5 |
       Volcano |     75 |     75 |      0 |      0 |      0 |   1 |   75.0 |
               +--------+--------+--------+--------+--------+-----+--------+

Top non-repeatable levels by time:
     D:4: 1646 daAuts
     D:7: 1394 daAuts
  Lair:2: 1201 daAuts
     D:6: 1142 daAuts
     D:9: 1102 daAuts
     D:8: 1101 daAuts
     D:2: 1013 daAuts
  Lair:3: 972 daAuts
     D:3: 892 daAuts
     D:1: 835 daAuts
     D:5: 719 daAuts
  Lair:1: 661 daAuts
  Lair:4: 255 daAuts
    D:10: 140 daAuts
  Temple: 119 daAuts
